 Dungeon Crawl Stone Soup version 0.19.0-20-gbc5f0c6 (webtiles) character file.

126 Stormphoenix the Poker (level 4, 0/33 HPs)
             Began as a Demonspawn Gladiator on Nov 17, 2016.
             Slain by a centaur (6 damage)
             ... on level 3 of the Dungeon.
             The game lasted 00:04:08 (2520 turns).

Stormphoenix the Poker (Demonspawn Gladiator)       Turns: 2520, Time: 00:04:09

Health: 0/33       AC:  4    Str: 16    XL:     4   Next: 83%
Magic:  4/4        EV:  9    Int:  9    God:
Gold:   151        SH:  7    Dex: 14    Spells: 0 memorised, 3 levels left

rFire  . . .     SeeInvis .     a - +1 trident
rCold  . . .     Gourm    .     b - +0 leather armour
rNeg   . . .     Faith    .     o - +0 shield
rPois  .         Spirit   .     c - +0 helmet
rElec  .         Reflect  .     (no cloak)
rCorr  .         Harm     .     (no gloves)
MR     .....                    (no boots)
Stlth  +.........               (no amulet)
                                (no ring)
                                (no ring)

@: no status effects
A: spiny 1
a: no special abilities


You were on level 3 of the Dungeon.
You were not hungry.

You visited 1 branch of the dungeon, and saw 3 of its levels.

You collected 151 gold pieces.

Inventory:

Hand Weapons
 a - a +1 trident (weapon)
 n - a +1 falchion of slicing
Missiles
 d - 4 throwing nets (quivered)
Armour
 b - a +0 leather armour (worn)
 c - a +0 helmet (worn)
 o - a +0 shield (worn)
Wands
 m - a wand of iceblast (2/15)
Scrolls
 e - a scroll of magic mapping
 h - 2 scrolls of remove curse
 i - a scroll of identify
 l - a scroll of blinking {unknown}
 q - a scroll of recharging {unknown}
Potions
 k - a potion of curing {unknown}
Comestibles
 f - 2 bread rations
 g - a meat ration
 j - 3 chunks of flesh
 p - a slice of pizza


   Skills:
 - Level 2.0 Fighting
 + Level 5.1 Polearms
 - Level 1.7 Throwing
 - Level 2.6 Dodging


You had 3 spell levels left.
You didn't know any spells.

Dungeon Overview and Level Annotations

Branches:
Dungeon (3/15)

Altars:
Nemelex Xobeh


Innate Abilities, Weirdness & Mutations

You are partially covered in sharp spines.


Message History

You see here an arrow.
The centaur shoots an arrow.
The arrow hits you!
* * * LOW HITPOINT WARNING * * *
An orc comes into view. It is wielding a hand axe.
You see here an arrow.
The centaur unwields an uncursed shortbow.
You block the centaur's attack. The centaur is struck by your spines.
The centaur hits you.
* * * LOW HITPOINT WARNING * * *
You barely miss the centaur.
The centaur is lightly wounded.
The centaur hits you.
* * * LOW HITPOINT WARNING * * *
The centaur is struck by your spines. The centaur closely misses you.
You hit the centaur.
The centaur is heavily wounded.
The centaur is struck by your spines. The centaur barely misses you.
The orc is struck by your spines. The orc barely misses you.
The centaur hits you.
You die...

#.........#
...........#.........#
...........#.........#
...........#........(#
...).......#.........#
#..........#.........#
#....o.....########.##
#.....oc...# #.....#
.......@...# #.#####
....###(.######.#####
. #((###........#
##>(..........#
#####........#
#........# #........#
#........# #........#


You could see a centaur and 2 orcs.

Vanquished Creatures
  An orc priest (D:3)
  4 adders (D:2)
  A dart slug (D:2)
  4 leopard geckos
  3 orcs (D:3)
  3 giant cockroaches
  6 goblins
  5 hobgoblins
  2 quokkas (D:2)
  2 ball pythons (D:2)
  8 bats
  3 frilled lizards
  7 kobolds
  3 rats (D:1)
52 creatures vanquished.

Notes
Turn   | Place    | Note
-------+----------+-------------------------------------------
     0 | D:1      | Stormphoenix the Demonspawn Gladiator began the quest for the Orb.
     0 | D:1      | Reached XP level 1. HP: 16/16 MP: 1/1
   187 | D:1      | Reached skill level 3 in Polearms
   434 | D:1      | Gained mutation: You are partially covered in sharp spines. [demonic ancestry]
   434 | D:1      | Reached XP level 2. HP: 19/22 MP: 2/2
  1231 | D:2      | Reached XP level 3. HP: 27/27 MP: 3/3
  1393 | D:2      | Reached skill level 4 in Polearms
  1494 | D:2      | Found a sparkling altar of Nemelex Xobeh.
  1714 | D:2      | Reached XP level 4. HP: 21/33 MP: 4/4
  2320 | D:3      | Reached skill level 5 in Polearms
  2514 | D:3      | Noticed a centaur
  2520 | D:3      | Slain by a centaur

Skill      XL: |  1  2  3  4 |
---------------+-------------+-----
Polearms       | 3 4 5 |  5.1
Fighting       | |  2.0
Throwing       | |  1.7
Dodging        | |  2.6

Action                   |  1- 3 |  4- 6 || total
-------------------------+-------+-------++-------
Melee: Trident           |    98 |    32 ||   130
  Use: Scroll            |       |     7 ||     7
       Potion            |       |     2 ||     2
 Stab: Sleeping          |     2 |       ||     2
  Eat: Chunk             |     3 |       ||     3
       Bread ration      |       |     1 ||     1
Armor: Leather armour    |    23 |     3 ||    26
Dodge: Dodged            |    73 |    35 ||   108
Block: Shield            |       |     2 ||     2
